 Dungeon Crawl Stone Soup version 0.31.0-32-g396128a36d (webtiles) character file.

Game seed: 6059424156773821072

14 imdaedric the Shield-Bearer (level 2, -3/24 HPs)
             Began as a Formicid Fighter on Apr 18, 2024.
             Frozen to death by an endoplasm (5 damage)
             ... on level 1 of the Dungeon.
             The game lasted 00:01:17 (558 turns).

imdaedric the Shield-Bearer (Formicid Fighter)       Turns: 558, Time: 00:01:17

Health: -3/24      AC:  6    Str: 20    XL:     2   Next: 60%
Magic:  2/2        EV:  9    Int:  7    God:
Gold:   0          SH:  5    Dex: 13    Spells: 1/1 levels left

rFire   . . .        a - +0 long sword
rCold   . . .        c - +0 buckler
rNeg    . . .        b - +0 scale mail
rPois   .            (helmet unavailable)
rElec   .            (no cloak)
rCorr   .            (no gloves)
SInv    +            (no boots)
Will    .....        (no amulet) Stlth
                     (no ring)
HPRegen 0.24/turn    (no ring)
MPRegen 0.08/turn

%: no passive effects
@: mighty
A: permanent stasis, dig shafts and tunnels, antennae 3, four strong arms
a: Dig, Shaft Self


You were on level 1 of the Dungeon.
You visited 1 branch of the dungeon, and saw 1 of its levels.

Inventory:

Hand Weapons
 a - a +0 long sword (weapon)
Armour
 b - a +0 scale mail (worn)
 c - a +0 buckler (worn)
Scrolls
 e - a scroll of revelation {unknown}
 f - a scroll of identify {unknown}
 h - a scroll of poison {unknown}
Potions
 g - a potion of cancellation {unknown}


   Skills:
 * Level 3.5 Fighting
 * Level 2.2 Long Blades
 * Level 3.5 Armour
 * Level 4.3 Shields


You had one spell level left.
You didn't know any spells.
Your spell library was empty.

Dungeon Overview and Level Annotations

Branches:
Dungeon (1/15)

Altars:


Innate Abilities, Weirdness & Mutations

You cannot be hasted, slowed, berserked, paralysed or teleported.
You can dig through walls and to a lower floor.
You have a pair of large antennae on your head. (SInv)
Your four strong arms can wield two-handed weapons with a shield.


Message History

You kill the kobold!
The endoplasm hits you. You block the rat's attack. The rat bites you.
The endoplasm hits you but does no damage.
You hit the endoplasm.
The endoplasm is heavily wounded.
The endoplasm closely misses you. The rat barely misses you.
You barely miss the rat. The endoplasm freezes you.
You are frozen.
The rat closely misses you.
You hit the endoplasm.
The endoplasm is almost dead.
The endoplasm completely misses you. The rat bites you.
You barely miss the rat. The endoplasm completely misses you.
The rat bites you but does no damage. The rat bites you.
You block the endoplasm's attack.
You barely miss the rat. The endoplasm freezes you.
You are frozen.
* * * LOW HITPOINT WARNING * * *
The rat bites you.
* * * LOW HITPOINT WARNING * * *
You completely miss the endoplasm.
The endoplasm is almost dead.
The endoplasm barely misses you. The rat bites you.
* * * LOW HITPOINT WARNING * * *
You feel very mighty all of a sudden. The endoplasm misses you.
The rat twitches its whiskers.
You block the rat's attack.
You hit the endoplasm but do no damage.
The endoplasm is severely wounded.
The endoplasm hits you.
* * * LOW HITPOINT WARNING * * *
The rat bites you but does no damage. The rat completely misses you.
The endoplasm barely misses you.
You slash the rat!
You kill the rat!
The endoplasm freezes you.
You are frozen.
You die...

#.....#####.....................#
#.#.#.# #...######...#######..#
รท...#.# #.).# #...# #..# #.###.#
#...# #...#######..#
......#####...# #.............
.PPPPPPPP##...######.............
...PPPPPP##............#######..#
PPP..PPPP.....##J.......######..#
..PPP.PPP###...)@...............#


PP.PP.PPP# #.###.####...######.#. .PP.PP.PP# #.# ##### #..### P.PP.P.PP# #.#
#.#.#. PP.P.P.PP# #.# #.#..# P.PP.P.PP# #.# #.#.## .PP.PP.PP# #.. #.#.#
PP.PP.PPP# #.# #.#.# ..PPP.PPP# ..#.# You could see an endoplasm.

Vanquished Creatures
  2 endoplasms (D:1)
  A goblin (D:1)
  2 hobgoblins (D:1)
  2 kobolds (D:1)
  A quokka (D:1)
  2 ball pythons (D:1)
  2 bats (D:1)
  A frilled lizard (D:1)
  2 rats (D:1)
15 creatures vanquished.

Notes
Turn   | Place    | Note
-------+----------+-------------------------------------------
     0 | D:1      | imdaedric the Formicid Fighter began the quest for the Orb.
     0 | D:1      | Reached XP level 1. HP: 18/18 MP: 1/1
   239 | D:1      | Reached XP level 2. HP: 20/24 MP: 2/2
   558 | D:1      | Frozen to death by an endoplasm

Illustrated notes

Levels and vault maps discovered:
D:1:      roderic_crop_circles_arrival_small, layout_loops_ring,
          kennysheep_another_room

Action                     || total
---------------------------++-------
  Melee: Long sword        ||    63
    Use: Potion            ||     1
 Armour: Scale mail        ||    54
  Dodge: Dodged            ||    46
  Block: Buckler           ||    17
